 Dungeon Crawl Stone Soup version 0.28-a0-43-g560ac104fe (webtiles) character file.

Game seed: 12086854040267841790

1626 robertstho the Cudgeller (level 8, -5/50 HPs)
             Began as a Gargoyle Fighter on July 28, 2021.
             Killed from afar by Maggie (20 damage)
             ... with a bolt of fire
             ... on level 6 of the Dungeon.
             The game lasted 00:07:27 (6948 turns).

robertstho the Cudgeller (Gargoyle Fighter)         Turns: 6948, Time: 00:07:27

Health: -5/50      AC: 15    Str: 22    XL:     8   Next: 97%
Magic:  8/8        EV:  4    Int:  9    God:
Gold:   7          SH: 15    Dex:  9    Spells: 7/7 levels left

rFire   . . .      SeeInvis .   a - +0 flail
rCold   . . .      Faith    .   t - +0 tower shield
rNeg    + + .      Spirit   .   w - +0 chain mail
rPois   ∞          Reflect  .   (no helmet)
rElec   +          Harm     .   (no cloak)
rCorr   .          Rampage  .   (no gloves)
Will    +....                   (no boots)
Stlth   ..........              u - amulet of magic regeneration
HPRegen 0.16/turn               l - ring of positive energy
MPRegen 0.36/turn               i - ring of willpower

@: no status effects
A: sickness immunity, AC +5, negative energy resistance 1, electricity
resistance, torment resistance 1, petrification resistance
a: no special abilities


You were on level 6 of the Dungeon.
You visited 1 branch of the dungeon, and saw 6 of its levels.

You collected 343 gold pieces.
You spent 336 gold pieces at shops.

Inventory:

Hand Weapons
 a - a +0 flail (weapon)
Armour
 t - a +0 tower shield (worn)
 w - a +0 chain mail (worn)
Jewellery
 c - a ring of protection from cold
 i - a ring of willpower (right hand)
 l - a ring of positive energy (left hand)
 u - an amulet of magic regeneration (around neck)
Scrolls
 e - a scroll of fog {unknown}
 g - 3 scrolls of magic mapping
 h - 2 scrolls of teleportation {unknown}
 o - a scroll of fear
Potions
 d - a potion of might
 f - a potion of experience {unknown}
 j - 2 potions of curing {unknown}
 k - a potion of resistance {unknown}
 m - a potion of berserk rage
 p - 2 potions of flight {unknown}
 q - 2 potions of lignification
 r - a potion of heal wounds
 s - a potion of degeneration {unknown}
 v - a potion of magic {unknown}
 x - a potion of ambrosia {unknown}


   Skills:
 + Level 5.6 Fighting
 + Level 7.1 Maces & Flails
 + Level 6.2 Armour
 + Level 1.7 Dodging
 + Level 0.6 Stealth
 + Level 6.5 Shields


You had 7 spell levels left.
You didn't know any spells.
Your spell library contained the following spells:

 Spells                   Type           Power      Damage    Failure   Level
 Shock                    Conj/Air       0%         1d3       100%        1
 Swiftness                Air            0%         N/A       100%        3
 Airstrike                Air            0%         N/A       100%        4


Dungeon Overview and Level Annotations

Branches:
Dungeon (6/15)
 Temple: D:4-7

Altars:
Ashenzari
Uskayaw

Shops:
D:5 !   D:6 *==[

Annotations:
D:6 Maggie


Innate Abilities, Weirdness & Mutations

You are immune to sickness and miasma.
Your stone body is resilient. (AC +5)
You are immune to poison.
You resist negative energy. (rN+)
You are resistant to electric shocks. (rElec)
You are resistant to unholy torment.
You are immune to petrification.


Message History

Your hound barely misses Maggie.
You see here a +0 falchion.
Your hound bites Maggie.
Aiming: Throw Flame
Press: ? - help, Shift-Dir - straight line, f/p - Maggie
Aim: Maggie, wielding a +0 glaive and wearing +0 steam dragon scales (moderately wounded, ally target, 68% to hit)
The puff of flame hits Maggie.
Maggie is moderately wounded.
Maggie casts a spell.
Maggie attempts to bespell you! You resist with almost no effort.
Your hound barely misses Maggie.
Your howler monkey skeleton hits Maggie.
Aiming: Throw Flame
Press: ? - help, Shift-Dir - straight line, f/p - Maggie
Aim: Maggie, wielding a +0 glaive and wearing +0 steam dragon scales (moderately wounded, ally target, 68% to hit)
The puff of flame hits Maggie.
Maggie is heavily wounded.
Your hound bites Maggie.
Maggie points at you and mumbles some strange words.
The bolt of fire hits you.
Your howler monkey skeleton hits Maggie.
Aiming: Throw Flame
Press: ? - help, Shift-Dir - straight line, f/p - Maggie
Aim: Maggie, wielding a +0 glaive and wearing +0 steam dragon scales (heavily wounded, ally target, 68% to hit)
The puff of flame misses Maggie.
Your hound bites Maggie.
Maggie gestures at you while chanting. The bolt of fire hits you.
* * * LOW HITPOINT WARNING * * *
Your hound bites Maggie but does no damage.
Your howler monkey skeleton hits Maggie.
Aiming: Throw Flame
Press: ? - help, Shift-Dir - straight line, f/p - Maggie
Aim: Maggie, wielding a +0 glaive and wearing +0 steam dragon scales (severely wounded, ally target, 68% to hit)
The puff of flame hits Maggie.
Maggie is severely wounded.
The now-empty wand crumbles to dust.
Your hound bites Maggie.
You aren't carrying any items that you can evoke.
Maggie gestures at you while chanting. The bolt of fire hits you!!
You die...

.........####........############
###..>...'.............))........
#......####........#########...
#..##..####........#########..#
#####.....+........+.........##
##...∩....#........########..#(
###.....#####........### #..#(
....##..##..+........... #..#(
##^###...####..)@....... #..##
#.##.##+## ###'####.... #..## #
#.#...# #@# .. #..#.
#.#.<.#####h# #..#. #.....#....Z#
#..## #.....#.....# ##..#
#...........# #..#
........#....## ##..
#.###....#....# ###


You could see Maggie (ally target), a friendly hound (summoned) and a friendly
howler monkey skeleton (summoned).

Vanquished Creatures
  Sigmund (D:6)
  2 vampire mosquitoes (D:5)
  An ice beast (D:5)
  A sky beast (D:6)
  2 necrophages
  An ogre (D:5)
  5 scorpions
  A centaur zombie (D:5)
  5 hounds
  A jelly (D:5)
  2 centaur skeletons
  2 iguanas
  A hound zombie (D:5)
  A hound skeleton (D:5)
  4 adders
  3 ufetubi
  An adder skeleton (D:4)
  4 dart slugs
  9 orcs
  6 ball pythons
  10 bats
  5 endoplasms
  3 giant cockroaches
  11 goblins
  3 hobgoblins
  6 jackals
  4 quokkas
  3 frilled lizards
  8 kobolds
  A rat (D:1)
107 creatures vanquished.

Notes
Turn   | Place    | Note
-------+----------+-------------------------------------------
     0 | D:1      | robertstho the Gargoyle Fighter began the quest for the
                  | Orb.
     0 | D:1      | Reached XP level 1. HP: 14/14 MP: 1/1
   157 | D:1      | Reached XP level 2. HP: 19/19 MP: 2/2
   611 | D:1      | Reached XP level 3. HP: 23/23 MP: 3/3
  1659 | D:2      | Found a faded altar of an unknown god.
  1964 | D:3      | Reached XP level 4. HP: 18/29 MP: 4/4
  1968 | D:3      | Found a broken altar of Ashenzari.
  3300 | D:4      | Noticed a necrophage
  3314 | D:4      | Killed a necrophage
  3315 | D:4      | Reached skill level 3 in Maces & Flails
  3315 | D:4      | Reached skill level 1 in Dodging
  3315 | D:4      | Reached XP level 5. HP: 15/33 MP: 5/5
  3504 | D:4      | Reached XP level 6. HP: 34/38 MP: 6/6
  4197 | D:5      | Entered Level 5 of the Dungeon
  4260 | D:5      | Noticed an ice beast
  4270 | D:5      | Killed an ice beast
  4271 | D:5      | Reached skill level 4 in Maces & Flails
  4381 | D:5      | HP: 1/38 [acid (5)]
  4703 | D:5      | Reached XP level 7. HP: 32/43 MP: 7/7
  4790 | D:5      | Reached skill level 5 in Maces & Flails
  4929 | D:5      | Reached skill level 5 in Armour
  5144 | D:5      | Found Luaw's Distillery.
  5147 | D:5      | Bought a potion of berserk rage for 70 gold pieces
  5147 | D:5      | Bought a potion of lignification for 42 gold pieces
  5147 | D:5      | Bought a potion of heal wounds for 70 gold pieces
  5467 | D:5      | Reached skill level 5 in Shields
  5539 | D:5      | Noticed a vampire mosquito
  5539 | D:5      | Noticed a vampire mosquito
  5552 | D:5      | Killed a vampire mosquito
  5553 | D:5      | Reached skill level 6 in Maces & Flails
  5553 | D:5      | Reached XP level 8. HP: 36/48 MP: 8/8
  5567 | D:5      | Reached skill level 5 in Fighting
  6111 | D:6      | Found Ynaggu's Antique Armour Shop.
  6120 | D:6      | Bought a tower shield for 112 gold pieces
  6256 | D:6      | Found Pyqodi's Jewellery Shoppe.
  6256 | D:6      | Found Zeemp's Jewellery Emporium.
  6280 | D:6      | Noticed a +0 short sword
  6280 | D:6      | Noticed a +0 falchion
  6280 | D:6      | Noticed a +0 short sword
  6280 | D:6      | Noticed a +0 spear
  6284 | D:6      | Noticed a +0 dagger
  6289 | D:6      | Noticed a +0 spear
  6293 | D:6      | Noticed a +0 dagger
  6329 | D:6      | Noticed a +0 falchion
  6528 | D:6      | Found a hide-covered altar of Uskayaw.
  6556 | D:6      | Noticed Sigmund
  6607 | D:6      | Killed Sigmund
  6608 | D:6      | Reached skill level 7 in Maces & Flails
  6824 | D:6      | Found Jiryinwo's General Store.
  6908 | D:6      | Bought a scroll of magic mapping for 42 gold pieces
  6922 | D:6      | Noticed Maggie
  6948 | D:6      | Killed from afar by Maggie

Illustrated notes

Levels and vault maps discovered:
D:1:      lightli_arrival_isolated_outpost, layout_basic
D:2:      layout_loops_ring, dreamdust_ecumenical_altar_hidden_monk_grotto,
          minmay_unequal
D:3:      layout_basic, evilmike_ruin_ashenzari
D:4:      layout_loops_ring, serial_co_window_serial, co_window_cross_1,
          co_window_of_opportunity_a, co_window_corner_a, co_window_paths_b,
          co_window_of_opportunity_a, co_window_paths_a,
          co_window_unsneaky_path_d, co_window_paths_c, co_window_corner_b,
          co_window_paths_e, co_window_sun, glass_columns_c, glass_columns_c,
          glass_columns_a, glass_columns_c, minmay_crossroads
D:5:      layout_loops_ring, serial_shops, nicolae_shop_crystal,
          kennysheep_minor_cross, minmay_between
D:6:      layout_basic, nicolae_uskayaw_en_pointe, serial_shops, shop,
          nicolae_stop_n_shop_2, shop, nicolae_square_shop, shop_scrolls,
          uniq_sigmund, uniq_maggie

Skill      XL: |  1  2  3  4  5  6  7  8 |
---------------+-------------------------+-----
Shields        | 4 5 6 |  6.5
Armour         | 4 5 6 |  6.2
Maces & Flails | 3 4 6 7 |  7.1
Dodging        | 1 |  1.7
Fighting       | 4 5 |  5.6
Stealth        | |  0.6

Action                   |  1- 3 |  4- 6 |  7- 9 || total
-------------------------+-------+-------+-------++-------
Melee: Flail             |   163 |   155 |   220 ||   538
Evoke: Wand              |       |       |     4 ||     4
  Use: Scroll            |       |       |     7 ||     7
       Potion            |       |       |     2 ||     2
Armor: Scale mail        |   118 |    61 |       ||   179
       Chain mail        |       |    14 |   179 ||   193
Dodge: Dodged            |    69 |    46 |    72 ||   187
Block: Kite shield       |   128 |    96 |    99 ||   323
       Tower shield      |       |       |    94 ||    94

Table legend: (Time is in decaauts)
 A = Elapsed time spent in this place.
 B = Non-inter-level travel time spent in this place.
 C = Inter-level travel time spent in this place.
 D = Time resting spent in this place.
 E = Time spent auto-exploring this place.
 F = Levels seen in this place.
 G = Mean time per level.
                   A        B        C        D        E       F      G
               +--------+--------+--------+--------+--------+-----+--------+
         Total |   7193 |   6985 |    208 |    446 |   5327 |   6 | 1198.8 |
       Dungeon |   7193 |   6985 |    208 |    446 |   5327 |   6 | 1198.8 |
               +--------+--------+--------+--------+--------+-----+--------+

Top non-repeatable levels by time:
     D:4: 1719 daAuts
     D:5: 1612 daAuts
     D:2: 1125 daAuts
     D:6: 999 daAuts
     D:3: 907 daAuts
     D:1: 829 daAuts
